[ AOE2 MATCH · #495791824 ]
UnrankedCelts vs Franks
Player's team · WIN
Rival team · LOSS
[ REPLAY ANALYSIS · EXTRACTED FROM THE RECORDED GAME ]
Feudal
13:31
Castle
17:33
Imperial
30:04
| APM avg | 60.0 |
| APM peak | 111 |
| eAPM avg | 20.2 |
| Villagers / military | 146 / 97 |
Focus
⚔️ 13.3% · 🌾 86.7%
Spearman ×44 · Skirmisher ×20 · Scorpion ×19 · Mangonel ×11 · Trebuchet (Packed) ×3
Feudal
11:22
Castle
15:42
Imperial
34:16
| APM avg | 22.0 |
| APM peak | 72 |
| eAPM avg | 12.6 |
| Villagers / military | 55 / 42 |
Focus
⚔️ 24.4% · 🌾 75.6%
Throwing Axeman ×24 · Trebuchet (Packed) ×9 · Mangonel ×5 · Monk ×4
Match map
Initial resources + every placement click. Lines = walls · curves = elevation contours. ◆ gold · ⬟ stone · ● berries · ✦ relic · ◌ wall gap
Your base· ✓ Closed at 17:33 · 0t walls · 3 gate(s)
ArbeitsamtHATgeldGEWIESEN's base· ✓ Closed at 15:42 · 0t walls · 2 gate(s)
Smoothed initial terrain · ◌ = detected wall gap · hover for details
Inputs per minute
— Lord6 - - ArbeitsamtHATgeldGEWIESEN
Build order — Lord6
First 150 of 340 actions detected
| 0:03 | Build | House |
| 0:04 | Queue | Villager (Male) |
| 0:04 | Queue | Villager (Male) |
| 0:05 | Build | House |
| 0:07 | Queue | Villager (Male) |
| 0:08 | Queue | Villager (Male) |
| 0:08 | Queue | Villager (Male) |
| 1:27 | Queue | Villager (Male) |
| 1:28 | Queue | Villager (Male) |
| 1:48 | Build | House |
| 2:00 | Queue | Villager (Male) |
| 2:22 | Build | Lumber Camp |
| 2:31 | Queue | Villager (Male) |
| 2:31 | Queue | Villager (Male) |
| 2:35 | Queue | Villager (Male) |
| 3:17 | Queue | Villager (Male) |
| 3:17 | Queue | Villager (Male) |
| 3:41 | Queue | Villager (Male) |
| 3:42 | Queue | Villager (Male) |
| 4:09 | Queue | Villager (Male) |
| 4:19 | Build | Mill |
| 4:35 | Queue | Villager (Male) |
| 4:36 | Queue | Villager (Male) |
| 4:58 | Queue | Villager (Male) |
| 4:58 | Queue | Villager (Male) |
| 5:31 | Queue | Villager (Male) |
| 5:31 | Queue | Villager (Male) |
| 5:47 | Queue | Villager (Male) |
| 5:58 | Build | House |
| 5:58 | Build | House |
| 6:09 | Build | Farm |
| 6:10 | Build | Farm |
| 6:11 | Build | Farm |
| 6:18 | Queue | Villager (Male) |
| 6:18 | Queue | Villager (Male) |
| 6:35 | Queue | Villager (Male) |
| 6:39 | Build | Farm |
| 6:58 | Queue | Villager (Male) |
| 7:19 | Build | Farm |
| 7:33 | Queue | Villager (Male) |
| 7:33 | Queue | Villager (Male) |
| 7:38 | Build | Farm |
| 7:55 | Queue | Villager (Male) |
| 7:55 | Queue | Villager (Male) |
| 8:03 | Build | Farm |
| 8:13 | Queue | Villager (Male) |
| 8:13 | Queue | Villager (Male) |
| 8:31 | Build | Farm |
| 8:33 | Queue | Villager (Male) |
| 8:33 | Queue | Villager (Male) |
| 8:40 | Queue | Villager (Male) |
| 8:51 | Queue | Villager (Male) |
| 8:53 | Build | Farm |
| 9:15 | Queue | Villager (Male) |
| 9:16 | Queue | Villager (Male) |
| 9:19 | Build | Farm |
| 9:24 | Queue | Villager (Male) |
| 9:24 | Queue | Villager (Male) |
| 9:29 | Research | Loom |
| 9:43 | Build | Farm |
| 10:11 | Build | Mining Camp |
| 11:16 | Research | Feudal Age |
| 12:09 | Build | House |
| 12:09 | Build | House |
| 12:09 | Build | House |
| 13:12 | Build | Barracks |
| 13:31 | Age | Feudal Age |
| 13:31 | Research | Wheelbarrow |
| 13:32 | Research | Wheelbarrow |
| 13:39 | Build | Market |
| 13:44 | Build | Blacksmith |
| 14:53 | Research | Castle Age |
| 14:53 | Research | Castle Age |
| 15:06 | Research | Horse Collar |
| 15:15 | Research | Double-Bit Axe |
| 15:16 | Research | Double-Bit Axe |
| 15:42 | Queue | Spearman |
| 15:48 | Queue | Spearman ×2 |
| 15:54 | Queue | Spearman |
| 15:54 | Queue | Spearman |
| 16:12 | Queue | Spearman |
| 16:13 | Queue | Spearman |
| 16:21 | Queue | Villager (Male) |
| 17:33 | Age | Castle Age |
| 17:37 | Build | Town Center |
| 17:44 | Build | Town Center |
| 17:52 | Build | Siege Workshop |
| 17:54 | Research | Pikeman (upgrade) |
| 17:55 | Research | Gambesons |
| 17:58 | Queue | Villager (Male) |
| 17:58 | Queue | Villager (Male) |
| 18:11 | Queue | Villager (Male) |
| 18:40 | Queue | Villager (Male) |
| 18:49 | Build | Mining Camp |
| 18:56 | Queue | Villager (Male) |
| 19:05 | Queue | Villager (Male) |
| 19:05 | Queue | Villager (Male) |
| 19:12 | Queue | Villager (Male) |
| 19:12 | Queue | Villager (Male) |
| 19:17 | Queue | Scorpion |
| 19:30 | Queue | Villager (Male) |
| 19:31 | Queue | Villager (Male) |
| 19:43 | Build | Farm |
| 19:44 | Build | Farm |
| 19:45 | Build | Farm |
| 19:50 | Build | House |
| 20:09 | Queue | Scorpion |
| 20:14 | Queue | Villager (Male) |
| 20:15 | Queue | Villager (Male) |
| 20:16 | Queue | Villager (Male) |
| 20:16 | Queue | Villager (Male) |
| 20:18 | Build | Farm |
| 20:23 | Queue | Villager (Male) |
| 20:24 | Queue | Villager (Male) |
| 20:32 | Queue | Scorpion |
| 20:33 | Queue | Scorpion |
| 20:35 | Queue | Villager (Male) |
| 20:41 | Build | House |
| 20:42 | Build | House |
| 20:47 | Queue | Villager (Male) |
| 20:48 | Queue | Villager (Male) |
| 21:02 | Queue | Villager (Male) |
| 21:03 | Queue | Villager (Male) |
| 21:08 | Build | Farm |
| 21:09 | Build | Farm |
| 21:10 | Build | Farm |
| 21:18 | Queue | Villager (Male) |
| 21:20 | Queue | Villager (Male) |
| 21:31 | Queue | Villager (Male) |
| 21:37 | Queue | Villager (Male) |
| 21:37 | Queue | Villager (Male) |
| 21:44 | Build | Farm |
| 21:45 | Build | Farm |
| 21:47 | Build | Farm |
| 21:52 | Build | House |
| 21:52 | Build | House |
| 21:53 | Build | House |
| 21:55 | Queue | Villager (Male) |
| 21:59 | Queue | Villager (Male) |
| 21:59 | Queue | Villager (Male) |
| 22:07 | Build | Farm |
| 22:11 | Queue | Villager (Male) |
| 22:11 | Queue | Villager (Male) |
| 22:20 | Queue | Villager (Male) |
| 22:35 | Queue | Villager (Male) |
| 22:35 | Queue | Villager (Male) |
| 22:49 | Queue | Villager (Male) |
| 22:50 | Queue | Villager (Male) |
| 22:56 | Build | Farm |
| 23:00 | Build | House |
Build order — ArbeitsamtHATgeldGEWIESEN
First 150 of 166 actions detected
| 0:00 | Queue | Villager (Male) |
| 0:01 | Queue | Villager (Male) |
| 0:01 | Queue | Villager (Male) |
| 0:03 | Build | House |
| 0:15 | Queue | Villager (Male) |
| 0:24 | Build | House |
| 0:25 | Build | House |
| 0:26 | Build | House |
| 1:17 | Queue | Villager (Male) |
| 2:07 | Queue | Villager (Male) |
| 2:35 | Queue | Villager (Male) |
| 2:58 | Queue | Villager (Male) |
| 3:44 | Queue | Villager (Male) |
| 4:09 | Queue | Villager (Male) |
| 4:40 | Queue | Villager (Male) |
| 4:47 | Queue | Villager (Male) |
| 5:06 | Queue | Villager (Male) |
| 5:54 | Queue | Villager (Male) |
| 5:55 | Queue | Villager (Male) |
| 6:01 | Build | Mill |
| 6:39 | Queue | Villager (Male) |
| 7:10 | Build | Lumber Camp |
| 7:17 | Queue | Villager (Male) |
| 7:17 | Queue | Villager (Male) |
| 7:58 | Queue | Villager (Male) |
| 8:31 | Queue | Villager (Male) |
| 9:12 | Research | Feudal Age |
| 10:16 | Build | House |
| 10:42 | Queue | Villager (Male) |
| 10:42 | Queue | Villager (Male) |
| 11:22 | Age | Feudal Age |
| 11:43 | Queue | Villager (Male) |
| 11:51 | Build | Market |
| 11:56 | Build | Blacksmith |
| 12:16 | Research | Loom |
| 12:46 | Build | Mining Camp |
| 12:53 | Research | Castle Age |
| 13:45 | Build | Farm |
| 13:46 | Build | Farm |
| 15:17 | Build | Farm |
| 15:18 | Build | Farm |
| 15:38 | Queue | Villager (Male) |
| 15:38 | Queue | Villager (Male) |
| 15:42 | Age | Castle Age |
| 16:09 | Build | Castle |
| 16:14 | Queue | Villager (Male) |
| 16:26 | Build | Farm |
| 16:27 | Build | Farm |
| 16:53 | Build | Mill |
| 17:01 | Queue | Villager (Male) |
| 17:26 | Queue | Villager (Male) |
| 17:43 | Queue | Villager (Male) |
| 18:04 | Build | Monastery |
| 18:16 | Queue | Villager (Male) |
| 18:17 | Queue | Villager (Male) |
| 18:32 | Queue | Villager (Male) |
| 18:48 | Queue | Throwing Axeman |
| 18:49 | Queue | Throwing Axeman |
| 18:49 | Queue | Throwing Axeman |
| 19:02 | Queue | Monk |
| 19:02 | Queue | Monk |
| 19:06 | Queue | Throwing Axeman |
| 19:07 | Queue | Villager (Male) |
| 19:07 | Queue | Villager (Male) |
| 19:49 | Queue | Villager (Male) |
| 19:49 | Queue | Villager (Male) |
| 20:33 | Build | Mining Camp |
| 20:38 | Queue | Villager (Male) |
| 20:38 | Queue | Villager (Male) |
| 20:59 | Queue | Villager (Male) |
| 21:35 | Build | Town Center |
| 21:47 | Queue | Throwing Axeman |
| 21:47 | Queue | Throwing Axeman |
| 21:47 | Queue | Throwing Axeman |
| 21:50 | Queue | Villager (Male) |
| 21:51 | Queue | Villager (Male) |
| 22:15 | Queue | Throwing Axeman |
| 22:15 | Queue | Throwing Axeman |
| 22:17 | Queue | Villager (Male) |
| 22:17 | Queue | Villager (Male) |
| 22:28 | Research | Double-Bit Axe |
| 23:06 | Queue | Monk |
| 23:23 | Build | Siege Workshop |
| 23:26 | Queue | Villager (Male) |
| 23:26 | Queue | Villager (Male) |
| 23:34 | Research | Town Watch |
| 23:59 | Queue | Mangonel |
| 23:59 | Queue | Mangonel |
| 24:06 | Build | House |
| 24:07 | Build | House |
| 24:08 | Build | House |
| 24:11 | Research | Wheelbarrow |
| 24:43 | Queue | Villager (Male) |
| 24:44 | Queue | Villager (Male) |
| 25:09 | Queue | Throwing Axeman |
| 25:09 | Queue | Throwing Axeman |
| 25:12 | Queue | Mangonel |
| 25:55 | Queue | Throwing Axeman |
| 25:55 | Queue | Throwing Axeman |
| 25:55 | Queue | Throwing Axeman |
| 26:04 | Queue | Monk |
| 26:16 | Research | Fletching |
| 26:26 | Build | Farm |
| 26:27 | Build | Farm |
| 26:27 | Build | Farm |
| 26:28 | Build | Farm |
| 26:28 | Build | Farm |
| 26:28 | Build | Farm |
| 26:30 | Build | Farm |
| 26:31 | Build | Farm |
| 26:32 | Build | Farm |
| 26:33 | Build | Farm |
| 26:33 | Build | Farm |
| 26:33 | Build | Farm |
| 26:34 | Build | Farm |
| 26:34 | Build | Farm |
| 26:35 | Build | Farm |
| 26:37 | Build | Farm |
| 26:41 | Build | Farm |
| 26:42 | Build | Farm |
| 28:25 | Build | Castle |
| 28:31 | Queue | Villager (Male) |
| 28:32 | Queue | Villager (Male) |
| 28:46 | Queue | Villager (Male) |
| 28:47 | Queue | Villager (Male) |
| 28:47 | Queue | Villager (Male) |
| 28:48 | Queue | Villager (Male) |
| 28:56 | Queue | Villager (Male) |
| 28:56 | Queue | Villager (Male) |
| 29:12 | Build | Lumber Camp |
| 29:15 | Research | Bow Saw |
| 29:45 | Build | University |
| 30:20 | Research | Bearded Axe |
| 30:20 | Queue | Throwing Axeman |
| 30:21 | Queue | Throwing Axeman |
| 30:21 | Queue | Throwing Axeman |
| 30:21 | Queue | Throwing Axeman |
| 30:21 | Queue | Throwing Axeman |
| 30:21 | Queue | Throwing Axeman |
| 31:06 | Research | Imperial Age |
| 33:24 | Queue | Throwing Axeman |
| 33:24 | Queue | Throwing Axeman |
| 33:33 | Build | Castle |
| 33:44 | Queue | Throwing Axeman |
| 33:44 | Queue | Throwing Axeman |
| 33:53 | Build | Mining Camp |
| 34:16 | Age | Imperial Age |
| 34:18 | Research | Chemistry |
| 34:24 | Queue | Trebuchet (Packed) |
| 34:25 | Queue | Trebuchet (Packed) |
Match timeline
| 11:22 | ArbeitsamtHATgeldGEWIESEN · age_up feudal |
| 12:33 | ArbeitsamtHATgeldGEWIESEN · first_market_sell 100 food |
| 13:12 | Lord6 · first_building Barracks |
| 13:31 | Lord6 · age_up feudal |
| 15:42 | ArbeitsamtHATgeldGEWIESEN · age_up castle |
| 16:09 | ArbeitsamtHATgeldGEWIESEN · first_building Castle |
| 17:33 | Lord6 · age_up castle |
| 17:52 | Lord6 · first_building Siege Workshop |
| 18:04 | ArbeitsamtHATgeldGEWIESEN · first_building Monastery |
| 23:23 | ArbeitsamtHATgeldGEWIESEN · first_building Siege Workshop |
| 24:21 | Lord6 · first_building Monastery |
| 26:13 | ArbeitsamtHATgeldGEWIESEN · first_market_buy 100 food |
| 28:28 | Lord6 · first_building Castle |
| 30:04 | Lord6 · age_up imperial |
| 31:19 | Lord6 · first_market_sell 500 food |
| 34:16 | ArbeitsamtHATgeldGEWIESEN · age_up imperial |
| 35:57 | Lord6 · first_building Archery Range |
| 39:19 | ArbeitsamtHATgeldGEWIESEN · resign |
[ AI ANALYSIS · 1 CREDIT ]
What really happened in this match?
Wolo.gg analyzes every decision: build order, eco, micro, common mistakes by bracket. Personalized analysis on WhatsApp or Discord in 30 seconds.
Civ guide
Celts
Perfil
Jugador #4748558